 Dungeon Crawl Stone Soup version 0.31.0-9-g3a7656b989 (webtiles) character file.

Game seed: 6873531005333611857

364 qw the Shooter (level 6, 0/30 HPs)
             Began as a Spriggan Hunter on Feb 2, 2024.
             Frozen to death by an endoplasm (5 damage)
             ... on level 4 of the Dungeon.
             The game lasted 00:00:13 (2618 turns).

qw the Shooter (Spriggan Hunter)                    Turns: 2618, Time: 00:00:14

Health: 0/30       AC:  2    Str:  7    XL:     6   Next: 39%
Magic:  7/7        EV: 21    Int: 11    God:
Gold:   1008       SH:  0    Dex: 20    Spells: 5/5 levels left

rFire   . . .        a - +0 shortbow
rCold   . . .        (shield currently unavailable)
rNeg    . . .        c - +0 robe
rPois   .            (helmet restricted)
rElec   .            (no cloak)
rCorr   .            (gloves unavailable)
SInv    +            (boots unavailable)
Will    +....        (no amulet)
Stlth   ++           (no ring)
HPRegen 0.25/turn    (no ring)
MPRegen 0.10/turn

%: no passive effects
@: about to teleport, very quick
A: very small, no large weapons, unfitting armour, see invisible, speed 3
a: no special abilities


You were on level 4 of the Dungeon.
You visited 1 branch of the dungeon, and saw 4 of its levels.
You also visited: Sewer.

You collected 1008 gold pieces.


Innate Abilities, Weirdness & Mutations

You are very small and have problems with some larger weapons.
You are too small for most types of armour.
You have supernaturally acute eyesight. (SInv)
You cover ground extremely quickly. (Speed+++)


   Skills:
 - Level 2.2 Fighting
 + Level 6.2 Ranged Weapons
 - Level 6.0 Dodging
 - Level 1.5 Stealth


You had 5 spell levels left.
You didn't know any spells.
Your spell library was empty.

Inventory:

Hand Weapons
 a - a +0 shortbow (weapon)
Armour
 c - a +0 robe (worn)
Scrolls
 e - a scroll of teleportation
Potions
 b - 2 potions of might
 d - 2 potions of mutation
 f - a potion of enlightenment
 g - a potion of haste {unknown}
 h - a potion of cancellation {unknown}
 i - 5 potions of heal wounds

Dungeon Overview and Level Annotations

Branches:
Dungeon (4/15)              Sewer (visited)
 Temple: D:4-7

Altars:

Annotations:
D:4 Edmund


Message History

Edmund is moderately wounded.
Edmund clears his throat.
You shoot an arrow. The arrow barely misses Edmund.
You shoot an arrow. The arrow barely misses Edmund.
Edmund barely misses you.
You shoot an arrow. The arrow hits Edmund.
Edmund is heavily wounded.
An endoplasm comes into view.
Edmund hits you with a +3 dire flail of holy wrath!
You shoot an arrow. The endoplasm quivers.
The arrow hits the hobgoblin.
You kill the hobgoblin!
Edmund misses you.
You shoot an arrow. The arrow hits Edmund.
Edmund is heavily wounded.
Edmund closely misses you.
You shoot an arrow. The arrow hits Edmund.
Edmund is severely wounded.
Edmund closely misses you.
You shoot an arrow. The arrow closely misses Edmund.
Edmund hits you with a +3 dire flail of holy wrath!
Ouch! That really hurt!
You shoot an arrow. The arrow completely misses Edmund.
Edmund completely misses you.
The endoplasm hits you but does no damage.
Edmund closely misses you.
You shoot an arrow. The arrow hits Edmund.
Edmund is severely wounded.
The endoplasm freezes you.
You are frozen.
Edmund closely misses you.
You shoot an arrow. The arrow closely misses Edmund.
The endoplasm freezes you.
You are frozen.
Edmund completely misses you.
2618 ||| READING 2 scrolls of teleportation.
As you read the scroll of teleportation, it crumbles to dust.
You feel strangely unstable. The endoplasm freezes you.
You are frozen.
You die...

..#. ... .. #.. ..
.#### .. # <..#...#
.# ..#
#.#...#.#####.##...#
#.....#.....@J...#
#....## #..@..#
#.....###.##..#
#....#...# ...#
#..<.#.### .###
#..(....###.#
#....##....##
#..<##.####### ###.
#.# #. ..#


You could see Edmund and an endoplasm.

Vanquished Creatures
  A kobold brigand (Sewer)
  A bombardier beetle (D:3)
  Natasha (thrice) (D:3)
  Robin (D:2)
  5 river rats (Sewer)
  3 adders
  A ribbon worm (D:2)
  An orc (D:2)
  6 bats
  3 endoplasms
  7 giant cockroaches
  14 goblins
  6 hobgoblins
  3 jackals (D:2)
  10 kobolds
  6 quokkas
  11 ball pythons
  7 frilled lizards
  18 rats
107 creatures vanquished.

Notes
Turn   | Place    | Note
-------+----------+-------------------------------------------
     0 | D:1      | qw the Spriggan Hunter began the quest for the Orb.
     0 | D:1      | Reached XP level 1. HP: 10/10 MP: 2/2
     0 | D:1      | 0 ||| qw: Version: 0.3-a-155-g5e7d8dd
     0 | D:1      | 0 ||| qw: Game counter: 1098
     0 | D:1      | 0 ||| qw: Melee chars always use a shield: true
     0 | D:1      | 0 ||| qw: God list: Okawaru
     0 | D:1      | 0 ||| qw: Allow faded altars: false
     0 | D:1      | 0 ||| qw: Do Orc after clearing Dungeon:15 true
     0 | D:1      | 0 ||| qw: Do second Lair branch before Depths: true
     0 | D:1      | 0 ||| qw: Lair rune preference: random
     0 | D:1      | 0 ||| qw: Goals: Normal
     0 | D:1      | 0 ||| PLANNING D:1-11
    23 | D:1      | Reached skill level 3 in Dodging
   118 | D:1      | Reached XP level 2. HP: 14/14 MP: 3/3
   690 | D:1      | 690 ||| READING 3 scrolls labelled TISELA YMUST.
   695 | D:1      | 695 ||| READING scroll labelled ECEUF JEMIRRA.
   695 | D:1      | 695 ||| IDENTIFYING viscous brown potion
   696 | D:1      | 696 ||| READING scroll labelled ZEESEH JAJEZU.
   697 | D:1      | 697 ||| READING scroll labelled ESOOSONEGO.
   697 | D:1      | Identified a scroll of acquirement
   697 | D:1      | 697 ||| ACQUIRING 815 gold pieces
   697 | D:1      | Acquired 815 gold pieces
   699 | D:1      | 699 ||| READING scroll labelled QUIGEL JUNUURO.
   700 | D:1      | 700 ||| DROPPING scroll of butterflies.
   701 | D:1      | 701 ||| DROPPING potion of lignification.
   743 | D:2      | Reached XP level 3. HP: 18/18 MP: 4/4
   927 | D:2      | Noticed Robin
   937 | D:2      | 937 ||| FLEEEEING.
   938 | D:2      | 938 ||| FLEEEEING.
   939 | D:2      | 939 ||| FLEEEEING.
   940 | D:2      | 940 ||| FLEEEEING.
   941 | D:2      | 941 ||| FLEEEEING.
   942 | D:2      | 942 ||| FLEEEEING.
   943 | D:2      | 943 ||| FLEEEEING.
   944 | D:2      | 944 ||| FLEEEEING.
   945 | D:2      | 945 ||| FLEEEEING.
   947 | D:2      | 947 ||| FLEEEEING.
   948 | D:2      | 948 ||| FLEEEEING.
   975 | D:2      | Killed Robin
   976 | D:2      | Reached XP level 4. HP: 12/22 MP: 5/5
  1451 | D:2      | 1451 ||| READING scroll labelled PANIYF GIDWUWI.
  1452 | D:2      | 1452 ||| READING 2 scrolls labelled BADUGO TUMNO.
  1453 | D:2      | 1453 ||| DRINKING 3 bubbling orange potions.
  1454 | D:2      | 1454 ||| DROPPING scroll of fog.
  1479 | D:3      | 1479 ||| PLANNING SEWER
  1544 | D:3      | Noticed Natasha
  1548 | D:3      | Killed Natasha
  1570 | D:3      | Found a faded altar of an unknown god.
  1590 | D:3      | Reached XP level 5. HP: 26/26 MP: 6/6
  1611 | D:3      | Identified the +1 dagger of Xom, Rescuing {freeze, Str+4
                  | Int+5 Stlth+}
  1623 | D:3      | Noticed Natasha
  1627 | D:3      | Killed Natasha
  1762 | D:3      | Noticed Natasha
  1771 | D:3      | Killed Natasha
  1861 | D:3      | Found a glowing drain.
  1862 | D:3      | 1862 ||| READING 3 scrolls of identify.
  1862 | D:3      | 1862 ||| IDENTIFYING white potion
  1863 | D:3      | 1863 ||| READING 2 scrolls of identify.
  1863 | D:3      | 1863 ||| IDENTIFYING bubbling purple potion
  1864 | D:3      | 1864 ||| READING scroll of identify.
  1864 | D:3      | 1864 ||| IDENTIFYING amethyst potion
  1865 | D:3      | 1865 ||| READING scroll labelled RODATYAFUNT.
  1966 | D:3      | 1966 ||| READING scroll labelled NIPNERGHINY.
  2070 | Sewer    | Entered a sewer
  2170 | Sewer    | Reached skill level 6 in Ranged Weapons
  2189 | Sewer    | Reached skill level 6 in Dodging
  2189 | Sewer    | Reached XP level 6. HP: 22/30 MP: 7/7
  2279 | Sewer    | 2279 ||| DRINKING 2 bubbling red potions.
  2280 | Sewer    | 2280 ||| DROPPING potion of magic.
  2451 | D:3      | 2451 ||| PLANNING D:1-11
  2603 | D:4      | Noticed Edmund
  2617 | D:4      | HP: 5/30 [frozen (3)]
  2618 | D:4      | 2618 ||| READING 2 scrolls of teleportation.
  2618 | D:4      | Frozen to death by an endoplasm

Levels and vault maps discovered:
D:1:      minmay_arrival_radiant_lines, layout_basic
D:2:      layout_basic, serial_bayou, serial_bayou_lake_a, serial_bayou_pond_c,
          serial_bayou_pond_d, serial_bayou_ford_a, uniq_robin
D:3:      cheibrodos_helix_gallery, layout_rooms, basic_ecumenical_altar,
          mainiacjoe_sewer_entry_somewhere_in_here_2, uniq_natasha
D:4:      layout_rooms, hangedman_decor_opposing,
          serial_library_hellmonk_reading_circle,
          minmay_fractal_squares_diagonal_5, uniq_edmund, uniq_blork_the_orc

Skill      XL: |  1  2  3  4  5 |
---------------+----------------+-----
Dodging        | 3 4 5 6 |  6.0
Ranged Weapons | 5 6 |  6.2
Fighting       | 2 |  2.2
Stealth        | |  1.5

Action                     |  1- 3 |  4- 6 || total
---------------------------+-------+-------++-------
   Fire: Shortbow          |   138 |   183 ||   321
    Use: Scroll            |     5 |     8 ||    13
         Potion            |       |     2 ||     2
 Armour: Robe              |    17 |    26 ||    43
  Dodge: Dodged            |    49 |    62 ||   111

Table legend:
 A = Non-vault XP
 B = Vault XP
 C = Vault XP percentage of total XP
 D = Non-vault monster count
 E = Vault monster count
 F = Vault count percentage of total count
                 A         B        C        D         E       F
            +---------+---------+-------+---------+---------+-------
      Total |     226 |     294 |  56.5 |      55 |      52 |  48.6
            +---------+---------+-------+---------+---------+-------
        D:1 |      39 |       0 |   0.0 |      24 |       0 |   0.0
        D:2 |      44 |      35 |  44.3 |      17 |      11 |  39.3
        D:3 |     141 |      61 |  30.2 |      13 |       9 |  40.9
        D:4 |       2 |       0 |   0.0 |       1 |       0 |   0.0
      Sewer |       0 |     198 | 100.0 |       0 |      32 | 100.0
            +---------+---------+-------+---------+---------+-------
